 Dungeon Crawl Stone Soup version 0.29-a0-330-g52719c12eb (webtiles) character file.

Game seed: 4007921542664734517

44 Anon1729 the Chopper (level 3, -6/33 HPs)
             Began as a Minotaur Monk on Apr 30, 2022.
             Killed from afar by Natasha (9 damage)
             ... with a magic dart
             ... on level 2 of the Dungeon.
             The game lasted 00:00:56 (949 turns).

Anon1729 the Chopper (Minotaur Monk)                 Turns: 949, Time: 00:00:57

Health: -6/33      AC:  2    Str: 17    XL:     3   Next: 41%
Magic:  2/2        EV: 13    Int:  7    God:
Gold:   62         SH:  0    Dex: 12    Spells: 2/2 levels left

rFire   . . .      SeeInvis .   a - +0 hand axe
rCold   . . .      Faith    .   (no shield)
rNeg    . . .      Spirit   .   b - +0 robe
rPois   .          Reflect  .   (helmet restricted)
rElec   .          Harm     .   (no cloak)
rCorr   .          Rampage  .   (no gloves)
Will    .....                   (no boots)
Stlth   ++........              (no amulet)
HPRegen 0.11/turn               (no ring)
MPRegen 0.08/turn               (no ring)

@: no status effects
A: horns 2, retaliatory headbutt
a: no special abilities


You were on level 2 of the Dungeon.
You visited 1 branch of the dungeon, and saw 2 of its levels.

You collected 62 gold pieces.

Inventory:

Hand Weapons
 a - a +0 hand axe (weapon)
Armour
 b - a +0 robe (worn)
Jewellery
 g - a ring of fire
Scrolls
 d - a scroll of fear {unknown}
 f - a scroll of amnesia {unknown}
 j - a scroll of vulnerability {unknown}
Potions
 c - a potion of ambrosia
 e - a potion of mutation {unknown}
 h - a potion of lignification {unknown}
 i - a potion of might {unknown}
 k - a potion of attraction {unknown}


   Skills:
 + Level 3.9 Fighting
 * Level 4.2 Axes
 * Level 1.9 Armour
 + Level 3.5 Dodging
 + Level 1.9 Stealth


You had 2 spell levels left.
You didn't know any spells.
Your spell library was empty.

Dungeon Overview and Level Annotations

Branches:
Dungeon (2/15)

Altars:

Annotations:
D:2 Natasha


Innate Abilities, Weirdness & Mutations

You have a pair of horns on your head.
You reflexively headbutt those who attack you in melee.


Message History

You kill the ball python!
You hit the hobgoblin but do no damage. The adder misses you.
You furiously retaliate!
You headbutt the adder, but do no damage.
The hobgoblin closely misses you.
You hit the adder.
The adder is heavily wounded.
You hit the hobgoblin.
Natasha casts a spell.
The adder barely misses you. You furiously retaliate!
You headbutt the adder, but do no damage.
The hobgoblin misses you. You furiously retaliate!
You headbutt the hobgoblin.
You kill the hobgoblin!
You hit the adder. You headbutt the adder.
The adder is severely wounded.
The adder bites you but does no damage. The adder bites you.
The white imp gestures at you. The puff of frost misses you.
You closely miss the adder. Your headbutt misses the adder.
The adder is severely wounded.
You hit Natasha. The adder closely misses you. Natasha misses you.
The white imp gestures at you. The puff of frost hits you!
You barely miss the adder.
The adder is heavily wounded.
You barely miss Natasha. The adder barely misses you. You furiously retaliate!
You headbutt the adder!
You kill the adder!
Natasha barely misses you.
You closely miss Natasha. You headbutt Natasha!
Natasha is severely wounded.
Natasha claws you. The white imp gestures at you. The puff of frost hits you!
* * * LOW HITPOINT WARNING * * *
You hit Natasha.
Natasha is almost dead.
Natasha stares at you and mumbles some strange words.
The magic dart hits you!
You die...

#.# #.#
#.#####.#
#.....#.#
#####.#.#
####.#.# .
#....#.# ..
#.####.# #.#⌠.
#<#....#......
###.#.@†.5..#
# #†?h.#..#
#.......#
#.......#
........#
.##.##...# #
#.# ...# ...
.>..


You could see Natasha and a white imp (summoned).

Vanquished Creatures
  An adder (D:2)
  2 bats (D:1)
  An endoplasm (D:1)
  3 goblins (D:1)
  2 hobgoblins
  4 jackals (D:1)
  2 kobolds (D:1)
  6 quokkas (D:1)
  4 ball pythons
  A frilled lizard (D:1)
  4 rats (D:1)
30 creatures vanquished.

Notes
Turn   | Place    | Note
-------+----------+-------------------------------------------
     0 | D:1      | Anon1729 the Minotaur Monk began the quest for the Orb.
     0 | D:1      | Reached XP level 1. HP: 19/19 MP: 0/0
    22 | D:1      | Reached skill level 1 in Armour
    22 | D:1      | Reached XP level 2. HP: 22/27 MP: 1/1
   158 | D:1      | Reached skill level 4 in Axes
   563 | D:1      | Reached XP level 3. HP: 27/33 MP: 2/2
   941 | D:2      | Noticed Natasha
   949 | D:2      | Killed from afar by Natasha

Illustrated notes

Levels and vault maps discovered:
D:1:      tarquinn_simple_flora_water_b, layout_rooms
D:2:      layout_basic, serial_corexii_hall, corexii_hall_statues_l,
          corexii_hall_statues_l, ebering_ecumenical_altar_abandoned,
          nrook_campfire, kennysheep_donut, uniq_natasha, uniq_terence

Skill      XL: |  1  2 |
---------------+-------+-----
Armour         | 1 |  1.9
Axes           | 4 |  4.2
Fighting       | |  3.9
Dodging        | |  3.5
Stealth        | |  1.9

Action                   || total
-------------------------++-------
Melee: Hand axe          ||    52
       Headbutt          ||    10
       Punch             ||     1
 Stab: Sleeping          ||     2
Armor: Robe              ||    13
Dodge: Dodged            ||    55

Table legend: (Time is in decaauts)
 A = Elapsed time spent in this place.
 B = Non-inter-level travel time spent in this place.
 C = Inter-level travel time spent in this place.
 D = Time resting spent in this place.
 E = Time spent auto-exploring this place.
 F = Levels seen in this place.
 G = Mean time per level.
                   A        B        C        D        E       F      G
               +--------+--------+--------+--------+--------+-----+--------+
         Total |    954 |    927 |     27 |      0 |    789 |   2 |  477.0 |
       Dungeon |    954 |    927 |     27 |      0 |    789 |   2 |  477.0 |
               +--------+--------+--------+--------+--------+-----+--------+

Top non-repeatable levels by time:
     D:1: 862 daAuts
     D:2: 91 daAuts
